 Dungeon Crawl Stone Soup version bcrawl-1.37.2 (webtiles) character file.

Game seed: 1433669233692394473

139461 Coyote68 the Shield-Bearer (level 5, -4/41 HPs)
             Began as a Human Fighter on Dec 24, 2022.
             Killed by divine providence
             ... invoked by an orc priest
              (11 damage)
             ... on level 3 of the Dungeon.
             The game lasted 00:06:00 (2394 turns).

Coyote68 the Shield-Bearer (Human Fighter)          Turns: 2394, Time: 00:06:01

Health: -4/41      AC:  8    Str: 18    XL:     5   Next: 46%
Magic:  5/5        EV:  5    Int:  8    God:
Gold:   161        SH:  9    Dex: 12    Spells: 4/4 levels left

rFire    . . .     GDR:     27% a - +0 war axe
rCold    . . .     SeeInvis .   c - +0 medium shield
rNeg     . . .     Gourm    .   b - +0 scale mail
rPois    .         Faith    .   n - +0 helmet
rElec    .         Spirit   .   (no cloak)
rCorr    .         Reflect  .   (no gloves)
MR       .....                  (no boots)
Stlth    ..........             (no amulet)
HPRegen  0.16/turn              (no ring)
MPRegen  0.09/turn              (no ring)

@: no status effects
A: no striking features
a: no special abilities


You were on level 3 of the Dungeon.
You were hungry.

You visited 1 branch of the dungeon, and saw 3 of its levels.

You collected 161 gold pieces.

Inventory:

Hand Weapons
 a - a +0 war axe (weapon)
Armour
 b - a +0 scale mail (worn)
 c - a +0 medium shield (worn)
 n - a +0 helmet (worn)
Wands
 j - a wand of clouds (6)
Scrolls
 f - a scroll of teleportation
 g - a scroll of immolation
 i - a scroll of identify
Potions
 d - a potion of might
 h - a potion of cancellation {unknown}
 k - 2 potions of agility
 o - 3 potions of curing
 q - a potion of flight
Comestibles
 e - 4 rations {!d}
 l - 2 chunks of flesh


   Skills:
 + Level 3.5 Fighting
 + Level 3.8 Axes
 + Level 3.9 Armour
 + Level 0.9 Dodging
 + Level 1.0 Stealth
 + Level 4.0 Shields


You had 4 spell levels left.
You didn't know any spells.
Your spell library was empty.

Dungeon Overview and Level Annotations

Branches:
Dungeon (3/12)

Altars:


Message History

The quokka bites you but does no damage.
An orc comes into view. It is wielding a +0 hand axe.
The quokka bites you.
The orc moves out of view.
You barely miss the quokka.
The quokka is heavily wounded.
The quokka bites you but does no damage.
An orc priest comes into view.
You block the quokka's attack.
You closely miss the quokka.
The quokka is heavily wounded.
The orc priest invokes the aid of Beogh against you.
Beogh smites you!
* * * LOW HITPOINT WARNING * * *
You block the quokka's attack.
You closely miss the quokka.
The quokka is heavily wounded.
The quokka bites you but does no damage.
The orc priest invokes the aid of Beogh against you.
Beogh smites you!
You die...

##. .# .. .#
##.##.. ..... o.o.
o{#.## #r#..#
#@##.####
#.......#
##.......#
.########........#
........†........#
.######..........#
#.####..#######
#.####........#
##.#
#.#....)#####.#


You could see an orc wizard, an orc priest, an orc and a quokka.

Vanquished Creatures
  Jessica (D:2)
  3 adders (D:3)
  2 oozes (D:1)
  3 worms
  A dart slug (D:1)
  3 leopard geckos
  2 orcs (D:3)
  4 giant cockroaches
  4 goblins
  7 hobgoblins
  4 jackals (D:1)
  2 ball pythons
  8 bats
  5 frilled lizards
  9 kobolds
  7 rats
65 creatures vanquished.

Notes
Turn   | Place    | Note
-------+----------+-------------------------------------------
     0 | D:1      | Coyote68 the Human Fighter began the quest for the Orb.
     0 | D:1      | Reached XP level 1. HP: 18/18 MP: 1/1
    90 | D:1      | Reached XP level 2. HP: 6/24 MP: 2/2
   365 | D:1      | Reached XP level 3. HP: 20/29 MP: 3/3
  1166 | D:2      | Reached XP level 4. HP: 12/35 MP: 4/4
  1573 | D:2      | Noticed Jessica
  1583 | D:2      | Killed Jessica
  1924 | D:3      | Reached skill level 4 in Shields
  1970 | D:3      | Reached XP level 5. HP: 36/41 MP: 5/5
  1993 | D:3      | Reached skill level 1 in Stealth
  2394 | D:3      | Killed from afar by an orc priest

Skill      XL: |  1  2  3  4  5 |
---------------+----------------+-----
Axes           | 3 |  3.8
Shields        | 4 |  4.0
Stealth        | 1 |  1.0
Fighting       | |  3.5
Armour         | |  3.9
Dodging        | |  0.9

Action                   |  1- 3 |  4- 6 || total
-------------------------+-------+-------++-------
Melee: War axe           |   101 |   142 ||   243
  Use: Scroll            |       |     9 ||     9
  Eat: Chunk             |     5 |     5 ||    10
       Ration            |       |     1 ||     1
Armor: Scale mail        |    69 |    78 ||   147
Dodge: Dodged            |    39 |    32 ||    71
Block: Medium shield     |    57 |    84 ||   141
